 Dungeon Crawl Stone Soup version 0.30.0-29-ga12c61a403 (webtiles) character file.

Game seed: 3418606616154850692

78 Elmgren the Trooper (level 4, -2/42 HPs)
             Began as a Minotaur Fighter on June 21, 2023.
             Succumbed to a scorpion's poison
             ... on level 2 of the Dungeon.
             The game lasted 00:00:51 (1169 turns).

Elmgren the Trooper (Minotaur Fighter)              Turns: 1169, Time: 00:00:52

Health: -2/42      AC:  6    Str: 22    XL:     4   Next: 15%
Magic:  3/3        EV:  9    Int:  5    God:
Gold:   107        SH:  4    Dex: 10    Spells: 3/3 levels left

rFire   . . .        a - +1 flail
rCold   . . .        c - +0 buckler
rNeg    . . .        b - +0 scale mail
rPois   .            (helmet restricted)
rElec   .            (no cloak)
rCorr   .            (no gloves)
SInv    .            (no boots)
Will    .....        (no amulet) Stlth
                     (no ring)
HPRegen 0.27/turn    (no ring)
MPRegen 0.08/turn

%: no passive effects
@: lethally poisoned (-2 -> -19)
A: horns 2, retaliatory headbutt
a: no special abilities


You were on level 2 of the Dungeon.
You visited 1 branch of the dungeon, and saw 2 of its levels.

You collected 107 gold pieces.

Inventory:

Hand Weapons
 a - a +1 flail (weapon)
 f - the +8 whip of Division {heavy, *Corrode Int+7}
   (You found it on level 2 of the Dungeon)

   Int:       It affects your intelligence (+7).
   *Corrode:  It may corrode you when you take damage.
Armour
 b - a +0 scale mail (worn)
 c - a +0 buckler (worn)
Jewellery
 F - a ring of protection from fire {rF+}
   (You found it on level 1 of the Dungeon)
Scrolls
 e - a scroll of immolation {!r}
Potions
 d - 3 potions of might
 g - a potion of magic {unknown}


   Skills:
 + Level 5.0 Fighting
 + Level 4.2 Maces & Flails
 - Level 3.6 Armour
 - Level 3.6 Shields


You had 3 spell levels left.
You didn't know any spells.
Your spell library contained the following spells:

 Spells                   Type           Power      Damage    Failure   Level
 Magic Dart               Conj           0%         1d3       86%         1
 Searing Ray              Conj           0%         2d4       95%         2
 Fulminant Prism          Conj/Hex       0%         3d5       100%        4


Dungeon Overview and Level Annotations

Branches:
Dungeon (2/15)

Altars:


Innate Abilities, Weirdness & Mutations

You have a pair of horns on your head.
You reflexively headbutt those who attack you in melee.


Message History

There are monsters nearby!
You take 5 damage, and have 18/34 hp.
You hit Natasha. Natasha claws you.
There are monsters nearby!
You take 1 damage, and have 17/34 hp.
You miss Natasha. Natasha barely misses you.
There are monsters nearby!
You closely miss Natasha.
Natasha stares at you and mumbles some strange words.
The magic dart hits you but does no damage.
There are monsters nearby!
You hit Natasha but do no damage. Natasha closely misses you.
Natasha claws you.
There are monsters nearby!
You take 5 damage, and have 12/34 hp.
You closely miss Natasha. Natasha casts a spell at you.
The magic dart hits you.
There are monsters nearby!
You take 1 damage, and have 11/34 hp.
You sock Natasha!
You kill Natasha!
You hear a faint echoing roar filled with hate and sorrow!
Your Fighting skill increases to level 5!
Your Maces & Flails skill increases to level 4!
You have reached level 4!
You feel agile.
You hit the dart slug. You headbutt the dart slug.
You kill the dart slug!
You hear a zap.
You hear a grinding noise.
You regained 3 hp, and now have 14/42 hp.
MP restored: 3 You see here a dart slug corpse.
No target in view!
You hear a zap.
You hear a grinding noise.
You hear a zap.
You hear a grinding noise.
You see here a dart slug corpse.
Found a stone staircase leading down.
Health restored: 42 No target in view!
There is a stone staircase leading down here.
You now have 80 gold pieces (gained 10).
There is an open door here.
Found a stone staircase leading up.
No target in view!
You now have 96 gold pieces (gained 16).
You now have 101 gold pieces (gained 5).
You now have 107 gold pieces (gained 6).
A scorpion comes into view.
A scorpion is nearby!
A scorpion is nearby!
The scorpion stings you.
A scorpion is nearby!
You take 2 damage, and have 40/42 hp.
You completely miss the scorpion.
The scorpion stings you but does no damage.
You barely miss the scorpion. The scorpion stings you.
You are poisoned.
The scorpion poisons you! The scorpion stings you.
You are more poisoned.
The scorpion poisons you!
You take 6 damage, and have 34/42 hp.
You barely miss the scorpion.
You feel extremely sick. The scorpion closely misses you.
You take 6 damage, and have 28/42 hp.
You sock the scorpion!
You feel very sick.
The scorpion stings you but does no damage.
The scorpion stings you.
You take 12 damage, and have 16/42 hp.
MASSIVE DAMAGE!!
You barely miss the scorpion.
You headbutt the scorpion, but do no damage.
* * * LOW HITPOINT WARNING * * *
You feel very sick. The scorpion stings you.
* * * LOW HITPOINT WARNING * * *
You take 5 damage, and have 11/42 hp.
You barely miss the scorpion. Your headbutt misses the scorpion.
* * * LOW HITPOINT WARNING * * *
You feel very sick. You block the scorpion's attack.
The scorpion closely misses you.
You take 2 damage, and have 9/42 hp.
You closely miss the scorpion.
* * * LOW HITPOINT WARNING * * *
You feel sick.
The scorpion stings you but does no damage.
You take 2 damage, and have 7/42 hp.
You barely miss the scorpion. You headbutt the scorpion!
* * * LOW HITPOINT WARNING * * *
You feel sick.
The scorpion stings you but does no damage.
You take 2 damage, and have 5/42 hp.
You completely miss the scorpion. Your headbutt misses the scorpion.
You feel sick. The scorpion stings you.
* * * LOW HITPOINT WARNING * * *
You are more poisoned.
The scorpion poisons you! The scorpion closely misses you.
You take 2 damage, and have 3/42 hp.
You hit the scorpion but do no damage.
You die...

..........#
.........#
...........+
#.#........#
#?#........#
#.#..^.....#
#.#.$s.....#
#...@..#
#......#
#......#
#.###### #.
####.# #.
#....# #.
#....# ##.
#....# #..
####....####
#..


You could see a scorpion.

Vanquished Creatures
  Natasha (D:2)
  An adder (D:2)
  A gnoll (D:1)
  2 dart slugs (D:2)
  A ball python (D:1)
  2 bats (D:1)
  An endoplasm (D:1)
  2 giant cockroaches (D:1)
  4 goblins (D:1 D:2)
  3 hobgoblins (D:1)
  3 jackals (D:2)
  5 kobolds (D:1 D:2)
  2 rats (D:1)
28 creatures vanquished.

Notes
Turn   | Place    | Note
-------+----------+-------------------------------------------
     0 | D:1      | Elmgren the Minotaur Fighter began the quest for the Orb.
     0 | D:1      | Reached XP level 1. HP: 19/19 MP: 0/0
   166 | D:1      | Reached skill level 4 in Fighting
   170 | D:1      | Reached skill level 3 in Maces & Flails
   170 | D:1      | Reached XP level 2. HP: 25/27 MP: 1/1
   481 | D:1      | Reached XP level 3. HP: 34/34 MP: 2/2
   754 | D:2      | Identified the +8 whip of Division {heavy, *Corrode Int+7}
   846 | D:2      | Noticed Natasha
   852 | D:2      | HP: 17/34 [Natasha (2)]
   857 | D:2      | Killed Natasha
   858 | D:2      | Reached skill level 5 in Fighting
   858 | D:2      | Reached skill level 4 in Maces & Flails
   858 | D:2      | Reached XP level 4. HP: 14/42 MP: 3/3
  1156 | D:2      | Noticed a scorpion
  1163 | D:2      | HP: 16/42 [scorpion (6)]
  1166 | D:2      | HP: 7/42 [poisoned by a scorpion]
  1168 | D:2      | HP: 3/42 [scorpion (2)]
  1169 | D:2      | Succumbed to a scorpion's poison

Illustrated notes

Levels and vault maps discovered:
D:1:      eino_arrival_tree_alley, layout_loops_ring
D:2:      layout_basic, uniq_robin, uniq_natasha

Skill      XL: |  1  2  3 |
---------------+----------+-----
Fighting       | 4 5 |  5.0
Maces & Flails | 3 4 |  4.2
Armour         | |  3.6
Shields        | |  3.6

Action                     |  1- 3 |  4- 6 || total
---------------------------+-------+-------++-------
  Melee: Flail             |    51 |    11 ||    62
         Headbutt          |     5 |     3 ||     8
    Use: Scroll            |     3 |       ||     3
 Armour: Scale mail        |    23 |     4 ||    27
  Dodge: Dodged            |    20 |     3 ||    23
  Block: Buckler           |    10 |     1 ||    11

Levels and vault maps discovered:
D:1:      eino_arrival_tree_alley, layout_loops_ring
D:2:      layout_basic, uniq_robin, uniq_natasha

Table legend: (Time is in decaauts)
 A = Elapsed time spent in this place.
 B = Non-inter-level travel time spent in this place.
 C = Inter-level travel time spent in this place.
 D = Time resting spent in this place.
 E = Time spent auto-exploring this place.
 F = Levels seen in this place.
 G = Mean time per level.
                   A        B        C        D        E       F      G
               +--------+--------+--------+--------+--------+-----+--------+
         Total |   1184 |   1150 |     34 |     35 |    957 |   2 |  592.0 |
       Dungeon |   1184 |   1150 |     34 |     35 |    957 |   2 |  592.0 |
               +--------+--------+--------+--------+--------+-----+--------+

Top non-repeatable levels by time:
     D:1: 738 daAuts
     D:2: 445 daAuts

Table legend:
 A = Kills in this place as a percentage of kills in the entire game.
 B = Kills by you in this place as a percentage of kills by you in the entire game.
 C = Kills by friends in this place as a percentage of kills by friends in the entire game.
 D = Other kills in this place as a percentage of other kills in the entire game.
 E = Experience gained in this place as a percentage of experience gained in the entire game.
 F = Experience gained in this place divided by the number of levels of this place that you have seen.
                   A       B       C       D       E      F
               +-------+-------+-------+-------+-------+----------------------
         Total | 100.0 | 100.0 |   N/A |   N/A | 100.0 |  56.0
       Dungeon | 100.0 | 100.0 |   N/A |   N/A | 100.0 |  56.0
               +-------+-------+-------+-------+-------+----------------------
